 Dungeon Crawl Stone Soup version 0.13-a0-2712-g07f05f3 (console) character file.

5654 Kellhus the Basher (level 10, -11/69 HPs)
             Began as a Mummy Chaos Knight on Aug 16, 2013.
             Was a Plaything of Xom.
             Mangled by an ogre
             ... wielding a +0,+0 giant spiked club
              (22 damage)
             ... on Level 8 of the Dungeon.
             The game lasted 00:23:43 (11187 turns).

Kellhus the Basher (Mummy Chaos Knight)            Turns: 11187, Time: 00:23:44

HP -11/69        AC 10     Str 20      XL: 10   Next:  5%
MP  10/10        EV  8     Int 11      God: Xom
Gold 1561        SH  0     Dex 11      Spells:  0 memorised,  9 levels left

Res.Fire  : + . .   See Invis. : +   a - +2,+3 orc flail
Res.Cold  : + . .   Warding    : .   C - +2 scale mail "Geran" {rF++ rN+ Str+2 SInv Life Prot.: + + + Conserve : + (no shield)
Res.Poison: +       Res.Corr.  : .   (no helmet)
Res.Elec. : .       Clarity    : .   z - +0 cloak
Sust.Abil.: . .     Spirit.Shd : .   (no gloves)
Res.Mut.  : .       Stasis     : .   l - +0 pair of boots
Res.Rott. : +       Flight     : .   u - amulet of conservation
Saprovore : . . .                    (no ring)
                                     m - ring of hunger

@: somewhat resistant to hostile enchantments, extremely unstealthy
A: no food or potions, fire vulnerability, restore body, cold resistance 1, life
protection 3, poison resistance, torment resistance, unbreathing
a: Renounce Religion


You were on level 8 of the Dungeon.
You worshipped Xom.
You were a toy of Xom.
You were not hungry.

You visited 1 branch of the dungeon, and saw 8 of its levels.
You visited the Abyss 1 time.

You collected 1541 gold pieces.

Inventory:

Hand weapons
 a - a +2,+3 orcish flail (weapon)
 b - a -1 orcish blowgun
 c - the +10,+5 quarterstaff of Perfectionism {crush, +Blink +Inv}
   (You found it on level 7 of the Dungeon)

   It inflicts extra damage upon your enemies.
   It lets you turn invisible.
   It lets you blink.
 n - a +0,+0 mace of chaos
 v - a -1,+0 orcish glaive
 w - a -1,+1 orcish flail
 y - a +2,+2 quarterstaff of chaos
 F - a +1,+1 whip of flaming
 H - a -1,-2 orcish whip
Missiles
 p - 9 darts of frost (quivered)
 D - 5 curare-tipped needles
 E - 11 poisoned needles
Armour
 l - a +0 pair of boots (worn)
 o - a +1 orcish chain mail
 q - a +0 orcish plate armour
 t - a +2 leather armour
 z - a +0 cloak (worn)
 C - the +2 scale mail "Geran" (worn) {rF++ rN+ Str+2 SInv}
   (You took it off an orc warrior on level 6 of the Dungeon)

   It affects your strength (+2).
   It greatly protects you from fire.
   It protects you from negative energy.
   It enhances your eyesight.
Magical devices
 g - a wand of lightning (0)
 s - a wand of slowing (18) {unknown}
 x - a wand of digging (7) {unknown}
Scrolls
 d - 2 scrolls of fog {unknown}
 e - 5 scrolls of teleportation
 f - 2 scrolls of enchant armour {unknown}
 h - a scroll of curse weapon
 i - 2 scrolls of remove curse
 j - 2 scrolls of amnesia {unknown}
 k - 2 scrolls of curse armour {unknown}
 r - 3 scrolls of blinking {unknown}
 A - 2 scrolls of recharging {unknown}
 B - a scroll of immolation
Jewellery
 m - a ring of hunger (left hand)
 u - an amulet of conservation (around neck)
 G - an uncursed ring of fire


   Skills:
 - Level 3.0 Fighting
 + Level 12.2 Maces & Flails
 - Level 1.5 Armour
 - Level 0.7 Dodging


You had 9 spell levels left.
You didn't know any spells.

Dungeon Overview and Level Annotations

Branches:
Dungeon (8/27)             Temple (0/1) D:6
    Orc: D:6-11        Lair: D:8-13

Altars:
Fedhas
Okawaru
Xom
the Shining One

Annotations
D:3 horsemans' ghost, weakling MiDK


Innate Abilities, Weirdness & Mutations

You do not eat or drink.
Your flesh is vulnerable to fire.
Your flesh is cold resistant.
You are immune to negative energy.
Your system is resistant to poisons.
You are immune to unholy pain and torment.
You can survive without breathing.


Message History

Aim: an ogre, wielding a giant spiked club (severely wounded, poisoned, moving slowly)
You shoot a poisoned needle. The poisoned needle misses the ogre.
Firing (i - inventory. (,) - cycle):
E - 12 poisoned needles (quivered)
Press: ? - help, Shift-Dir - straight line, f/p - ogre
Aim: an ogre, wielding a giant spiked club (severely wounded, poisoned, moving slowly)
You shoot a poisoned needle. The poisoned needle hits the ogre.
The ogre looks even sicker.
The ogre is severely wounded.
Press: ? - help, v - describe, . - travel
Here: an ogre, wielding a giant spiked club (severely wounded, poisoned, moving slowly)
The floor.
Unknown command.
Press: ? - help, v - describe, . - travel
Here: an ogre, wielding a giant spiked club (severely wounded, poisoned, moving slowly)
The floor.
Wield which item (- for none, * to show all)? (? for menu, Esc to quit)
a - a +2,+3 orcish flail (weapon)
The ogre hits you with a giant spiked club!
You die...
Xom thinks this is hilarious!

........# * .#.#....# ,*
#.#.#...# * *, .#.#....#
* ,* #.#.#...# , ,
.#.#....# , #.#.#...# *,
, .#.#....# ##### * *,,
#.#.#...## #..@# *, ,
.#.#.....# #.O.##### * **
#.#.##...# #.......# *
,,, .#.#.#...# #.(.....#
*,** #.#.#....# #.......#
*,* ###......# #.(.....#
*,* # #......# #.(.....#
*,*
################.....#
*,***
...............#.....####
*,,,,


You could see an ogre.

Vanquished Creatures
  Pikel (D:7)
  A hill giant zombie (D:8)
  Grum (D:8)
  3 wolves (D:8)
  A hippogriff (D:7)
  A swamp drake (D:8)
  3 orc warriors
  2 ogres
  A centaur (D:6)
  A phantom (D:6)
  A sky beast (D:5)
  A wyvern zombie (D:8)
  Blork the orc (D:8)
  3 giant frogs
  4 wights (D:8)
  9 crimson imps
  2 goliath beetles (D:6)
  2 orc priests
  A hound (D:8)
  2 quasits
  Crazy Yiuf (D:5)
  6 orc wizards
  11 worker ants
  9 adders
  7 gnolls (D:4)
  3 white imps (D:8)
  2 giant mites
  4 worms
  An ooze (D:1)
  44 orcs
  3 ball pythons
  2 bat zombies
  2 giant cockroaches
  20 goblins
  20 hobgoblins
  8 jackals
  25 bats
  2 giant geckos (D:1)
  4 giant newts
  A giant newt zombie (D:5)
  A gnoll skeleton (D:6)
  A hobgoblin skeleton (D:5)
  23 kobolds
  2 orc skeletons
  A quokka skeleton (D:6)
  A rat (shapeshifter) (D:3)
  14 rats
  3 ballistomycetes (D:7)
262 creatures vanquished.

Vanquished Creatures (collateral kills)
  An ogre (D:4)
  2 scorpions (D:4)
  An ooze (D:4)
4 creatures vanquished.

Vanquished Creatures (others)
  A crimson imp (D:8)
  A giant cockroach (D:2)
  A goblin (D:7)
  A hobgoblin (D:4)
  2 giant spores (D:7)
  2 kobolds
8 creatures vanquished.

Grand Total: 274 creatures vanquished

Notes
Turn   | Place    | Note
--------------------------------------------------------------
     0 | D:1      | Kellhus, the Mummy Chaos Knight, began the quest for the Orb.
     0 | D:1      | Reached XP level 1. HP: 16/16 MP: 1/1
   176 | D:1      | XOM: harmless Trmt miscast
   193 | D:1      | Reached XP level 2. HP: 19/22 MP: 2/2
   435 | D:1      | XOM: mild Trmt miscast
   466 | D:1      | XOM: harmless Chrm miscast
   873 | D:2      | Reached XP level 3. HP: 28/28 MP: 3/3
   912 | D:2      | XOM: silly message
   952 | D:2      | XOM: noise
   967 | D:2      | XOM: divination: detect items
  1159 | D:2      | Found an iron altar of Okawaru.
  1185 | D:2      | Reached skill level 4 in Maces & Flails
  1246 | D:2      | XOM: mild Necr miscast
  1404 | D:2      | Reached XP level 4. HP: 21/34 MP: 4/4
  1514 | D:2      | XOM: silly message
  1760 | D:3      | XOM: colour smoke trail
  1937 | D:3      | Noticed horsemans' ghost (weakling MiDK)
  2538 | D:3      | XOM: chaos upgrade
  2547 | D:3      | XOM: enchant monster (bad)
  2709 | D:3      | XOM: swap monsters
  2785 | D:3      | XOM: god gift: 16 arrows of frost
  2943 | D:3      | XOM: enchant monster (good)
  3218 | D:4      | Reached XP level 5. HP: 20/39 MP: 5/5
  3381 | D:3      | XOM: god gift: bread ration
  3408 | D:3      | XOM: polymorph orc -> rat
  3639 | D:4      | Reached skill level 5 in Maces & Flails
  3725 | D:4      | XOM: divination: detect creatures
  3732 | D:4      | XOM: 2-stop teleportation journey
  3734 | D:4      | Noticed an ogre
  3741 | D:4      | XOM: confuse monster(s)
  3742 | D:4      | XOM: divine lightning (protected)
  3743 | D:4      | XOM: summons 5 friendly demons
  3759 | D:4      | Killed an ogre
  3847 | D:4      | XOM: god gift: 9 darts of frost
  4102 | D:4      | Reached XP level 6. HP: 46/46 MP: 6/6
  4280 | D:4      | Reached skill level 6 in Maces & Flails
  4396 | D:4      | XOM: divination: magic mapping
  4440 | D:4      | XOM: vitrification
  4475 | D:4      | XOM: noise
  4540 | D:4      | XOM: silly message
  4541 | D:4      | XOM: harmless Trmt miscast
  4658 | D:4      | XOM: scenery: 1 doors open
  4748 | D:4      | XOM: divination: detect creatures
  4915 | D:4      | XOM: divination: detect creatures
  5167 | D:4      | XOM: harmless Fire miscast
  5481 | D:5      | Entered Level 5 of the Dungeon
  5547 | D:5      | XOM: divination: detect items
  5564 | D:5      | XOM: potion effect (curing)
  5566 | D:5      | Reached XP level 7. HP: 23/51 MP: 7/7
  5568 | D:5      | XOM: divination: detect creatures
  5613 | D:5      | XOM: harmless Divn miscast
  5854 | D:5      | Reached skill level 7 in Maces & Flails
  6012 | D:5      | Found a blossoming altar of Fedhas.
  6045 | D:5      | XOM: cast spell 'Blink'
  6078 | D:5      | XOM: divination: detect items
  6086 | D:5      | XOM: divination: magic mapping
  6167 | D:5      | XOM: potion effect (heal wounds)
  6222 | D:5      | XOM: potion effect (might)
  6231 | D:5      | XOM: harmless Summ miscast
  6386 | D:5      | XOM: harmless Erth miscast
  6453 | D:5      | XOM: harmless Hex miscast
  6562 | D:5      | Noticed Crazy Yiuf
  6573 | D:5      | XOM: potion effect (invisibility)
  6590 | D:5      | Killed Crazy Yiuf
  6638 | D:5      | XOM: silly message
  6781 | D:6      | XOM: potion effect (agility)
  6808 | D:6      | XOM: potion effect (might)
  6810 | D:6      | Reached skill level 8 in Maces & Flails
  6906 | D:6      | XOM: noise
  6978 | D:6      | XOM: harmless Summ miscast
  7007 | D:6      | XOM is BORED!
  7007 | D:6      | XOM: mild Necr miscast
  7013 | D:6      | Reached XP level 8. HP: 54/58 MP: 8/8
  7067 | D:6      | XOM: divination: magic mapping
  7325 | D:6      | XOM: divination: detect items
  7328 | D:6      | XOM: divination: detect creatures
  7562 | D:6      | XOM: harmless Divn miscast
  7644 | D:6      | XOM: severe Chrm miscast
  7787 | D:6      | Reached skill level 9 in Maces & Flails
  7815 | D:6      | Found a staircase to the Ecumenical Temple.
  7989 | D:6      | Got a warped scale mail
  8006 | D:6      | Identified the +2 scale mail "Geran" {rF++ rN+ Str+2 SInv} (You took it off an orc warrior on level 6 of the Dungeon)
  8020 | D:6      | XOM: god gift: 1200 gold pieces
  8393 | D:7      | XOM: vitrification
  8420 | D:7      | XOM: 1-stop teleportation journey
  8524 | D:7      | XOM: scenery: create altars
  8713 | D:7      | XOM: swap monsters
  8720 | D:7      | Reached skill level 10 in Maces & Flails
  8763 | D:7      | Noticed Pikel
  8764 | D:7      | XOM: inner flame monster(s)
  8765 | D:7      | XOM: enchant monster (good)
  8781 | D:6      | XOM: polymorph slave -> goliath beetle
  9015 | D:7      | Got a jewelled quarterstaff
  9017 | D:7      | XOM: potion effect (might)
  9034 | D:7      | XOM: 8-stop teleportation journey
  9102 | D:7      | XOM: swap monsters
  9107 | D:7      | XOM: potion effect (heal wounds)
  9119 | D:7      | Killed Pikel
  9119 | D:7      | Reached XP level 9. HP: 31/63 MP: 9/9
  9328 | D:7      | Found a glowing golden altar of the Shining One.
  9460 | D:8      | Identified the quarterstaff of Perfectionism {crush, +Blink +Inv} (You found it on level 7 of the Dungeon)
  9639 | D:8      | Cast into the Abyss (orc priest)
  9639 | Abyss:1  | Found a corrupted altar of Lugonu.
  9658 | D:8      | Escaped the Abyss
  9736 | D:8      | Reached skill level 11 in Maces & Flails
  9742 | D:8      | XOM: scenery: 1 doors close
 10056 | D:8      | Noticed Grum
 10065 | D:8      | XOM: divination: magic mapping
 10070 | D:8      | XOM: cast spell 'Olgreb's Toxic Radiance'
 10073 | D:8      | Killed Grum
 10113 | D:8      | XOM: divination: detect creatures
 10179 | D:8      | Noticed Blork the orc
 10192 | D:8      | Killed Blork the orc
 10255 | D:8      | XOM: harmless Erth miscast
 10276 | D:8      | XOM: divination: detect creatures
 10293 | D:8      | XOM: potion effect (brilliance)
 10444 | D:8      | XOM: mild Ice miscast
 10529 | D:8      | XOM: harmless Hex miscast
 10623 | D:8      | XOM: divination: detect creatures
 10626 | D:8      | Reached skill level 12 in Maces & Flails
 10701 | D:8      | Reached XP level 10. HP: 49/69 MP: 10/10
 10814 | D:8      | XOM: harmless Tloc miscast
 10836 | D:8      | XOM: potion effect (might)
 11161 | D:8      | XOM is BORED!
 11161 | D:8      | XOM: medium Tloc miscast
 11187 | D:8      | Mangled by an ogre

Action                   |  1- 3 |  4- 6 |  7- 9 | 10-12 || total
-------------------------+-------+-------+-------+-------++-------
Melee: Mace              |    96 |   108 |       |       ||   204
       Flail             |       |   289 |   398 |    20 ||   707
 Fire: Blowgun           |       |       |    79 |     4 ||    83
Evoke: Wand              |       |       |     4 |       ||     4
  Use: Scroll            |       |       |     8 |       ||     8
 Stab: Paralysed         |     1 |     3 |       |       ||     4
       Petrified         |       |     2 |       |       ||     2
       Confused          |       |     1 |     1 |       ||     2
       Distracted        |       |     1 |       |       ||     1
